 Dungeon Crawl Stone Soup version 0.21-a0-496-g696f58f (webtiles) character file.

23 torrenera the Ruffian (level 2, -4/23 HPs)
             Began as a Draconian Transmuter on Nov 23, 2017.
             Slain by Terence
             ... wielding a +4 short sword
              (7 damage)
             ... on level 1 of the Dungeon.
             The game lasted 00:01:58 (1139 turns).

torrenera the Ruffian (Draconian Transmuter)        Turns: 1139, Time: 00:01:59

Health: -4/23      AC:  4    Str: 12    XL:     2   Next: 75%
Magic:  4/5        EV: 12    Int: 13    God:
Gold:   42         SH:  0    Dex: 11    Spells: 4/5 levels left

rFire    . . .     SeeInvis .     - Unarmed
rCold    . . .     Gourm    .   (no shield)
rNeg     . . .     Faith    .   (armour unavailable)
rPois    .         Spirit   .   (helmet restricted)
rElec    .         Reflect  .   (no cloak)
rCorr    .         Harm     .   (no gloves)
MR       .....                  (no boots)
Stlth    +.........             (no amulet)
HPRegen  0.07/turn              (no ring)
MPRegen  0.09/turn              (no ring)

@: very slightly contaminated, hasted, very quick
A: unfitting armour, cold-blooded, AC +4
a: no special abilities


You were on level 1 of the Dungeon.
You were hungry.

You visited 1 branch of the dungeon, and saw 2 of its levels.

You collected 42 gold pieces.

Inventory:

Hand Weapons
 a - a +0 hunting sling
Missiles
 e - 25 stones (quivered)
 f - 56 arrows
Jewellery
 k - an uncursed amulet of faith {unknown}
Scrolls
 d - a scroll of teleportation {unknown}
 h - 3 scrolls of enchant armour {unknown}
 i - 2 scrolls of identify {unknown}
Books
 b - a book of Changes

   Spells                             Type                      Level
   a - Beastly Appendage              Transmutation                1
   b - Sticks to Snakes               Transmutation                2
   c - Spider Form                    Transmutation/Poison         3
   d - Ice Form                       Ice/Transmutation            4
   e - Blade Hands                    Transmutation                5
Comestibles
 c - a bread ration
 g - 2 fruits


   Skills:
 - Level 1.1 Fighting
 - Level 1.7 Dodging
 + Level 4.1 Unarmed Combat
 - Level 2.0 Spellcasting
 - Level 2.0 Transmutations


You had 4 spell levels left.
You knew the following spells:

 Your Spells              Type           Power        Failure   Level  Hunger
a - Beastly Appendage     Tmut           #.....       11%         1    ##.....


Dungeon Overview and Level Annotations

Branches:
Dungeon (2/15)

Altars:

Annotations:
D:1 Terence


Innate Abilities, Weirdness & Mutations

Your plain brown scales are hard. (AC +4)
You cannot fit into any form of body armour.
You are cold-blooded and may be slowed by cold attacks.


Message History

You closely miss Terence.
Terence is heavily wounded.
Terence hits you with an enchanted short sword!
You hit Terence.
Terence is heavily wounded.
You hit Terence but do no damage.
Terence is heavily wounded.
Terence shouts, "ATTACK!!!"
Terence hits you with an enchanted short sword.
You closely miss Terence.
Terence is heavily wounded.
You hit Terence.
Terence is severely wounded.
Terence hits you with an enchanted short sword.
* * * LOW HITPOINT WARNING * * *
You barely miss Terence.
You tail-slap Terence, but do no damage.
Terence is severely wounded.
Terence hits you with an enchanted short sword!
You die...

### #.######## ..#
#.#......##
#.###...####..#
#......## ##.#
######.# #.######
.......## ##......##
..≈≈≈≈..####..≈≈≈≈..#
.≈§§≈§§......≈.≈≈≈≈.#
§§§≈≈§§§.....≈≈@@≈≈.#
§≈≈≈≈§≈§§....≈≈≈≈≈≈.#
§§§≈≈≈§§.#....≈≈≈≈..#
........##.........##
....§..#......######
######...###### #####


You could see Terence.

Vanquished Creatures
  2 dart slugs
  2 bats
  4 hobgoblins (D:1)
  6 kobolds
  4 rats
18 creatures vanquished.

Notes
Turn   | Place    | Note
-------+----------+-------------------------------------------
     0 | D:1      | torrenera the Draconian Transmuter began the quest for the Orb.
     0 | D:1      | Reached XP level 1. HP: 16/16 MP: 3/3
   356 | D:1      | Reached XP level 2. HP: 18/23 MP: 5/5
  1015 | D:2      | Found a faded altar of an unknown god.
  1031 | D:2      | Reached skill level 4 in Unarmed Combat
  1109 | D:2      | Noticed Terence
  1109 | D:2      | Noticed a crimson imp
  1139 | D:1      | Slain by Terence

Vault maps used:
D:1:      dpeg_arrival_pits
D:2:      lemuel_coloured_pillars_altar, chequers_ecumenical_altar_island,
          first_bread, st_stairs_13, uniq_natasha, uniq_terence

Skill      XL: |  1  2 |
---------------+-------+-----
Unarmed Combat | 4 |  4.1
Fighting       | |  1.1
Dodging        | |  1.7
Spellcasting   | |  2.0
Transmutations | |  2.0

Action                   || total
-------------------------++-------
Melee: Unarmed           ||    63
       Tailslap          ||     4
 Fire: Hunting sling     ||    37
 Cast: Beastly Appendage ||     1
  Use: Potion            ||     1
 Stab: Sleeping          ||     1
Armor: Skin              ||    23
Dodge: Dodged            ||    56

Table legend:
 A = Spawn XP
 B = Non-spawn XP
 C = Spawn XP percentage of total XP
 D = Spawn monster count
 E = Non-spawn monster count
 F = Spawn count percentage of total count
 G = Total turns spent on level
                    A         B        C        D         E        F      G
               +---------+---------+-------+---------+---------+-------+---------
         Total |       0 |      34 |   0.0 |       0 |      18 |   0.0 |  1139
               +---------+---------+-------+---------+---------+-------+---------
           D:1 |       0 |      25 |   0.0 |       0 |      14 |   0.0 |  1029
           D:2 |       0 |       9 |   0.0 |       0 |       4 |   0.0 |   110
               +---------+---------+-------+---------+---------+-------+---------
